details: 'all for a gaudy mask'

« prev index next »

General information

Mini Map

Players

team 1
Random» HumanNephilus_1 (yellow | 12 APM | 650 actions | 56:14)
Hero icon 4 Mountain King
Ability icon 2 Storm Bolt
Ability icon 2 Bash

» actions
Assign group hotkey6
Basic commands6
Build / train35
Enter build submenu13
Enter hero's abilities submenu4
Remove unit from queue1
Right click255
Select / deselect238
Select group hotkey51
Use ability40
650 total
» units
Peasant6
Footman10
16 total
» upgrades
Defend1
Plating1
Swords1
3 total
» buildings
Altar of Kings1
Barracks3
Farm6
Lumber Mill1
Arcane Vault1
Blacksmith1
Keep1
Castle1
15 total
» build order
00:21 Altar of Kings
00:27 Barracks
00:34 Farm
01:19 Farm
01:36 Lumber Mill
02:13 Arcane Vault
02:45 Blacksmith
03:09 Farm
03:33 Farm
04:32 Farm
05:11 Farm
05:53 Keep
08:28 Castle
08:34 Barracks
10:14 Barracks
» items
Scroll of Regeneration3
Mechanical Critter1
Lesser Clarity Potion1
Scroll of Town Portal1
Potion of Mana1
Potion of Healing1
8 total
OrcKillTheMexica (orange | 55 APM | 3112 actions | 56:14)
Hero icon 10 Blademaster
Ability icon 3 Wind Walk
Ability icon 3 Critical Strike
Ability icon 1 Bladestorm
Ability icon 3 Mirror Image

» actions
Assign group hotkey360
Basic commands177
Build / train82
Enter build submenu34
Enter hero's abilities submenu9
Give item / drop item7
Remove unit from queue6
Right click1693
Select / deselect387
Select group hotkey239
Use ability118
3112 total
» units
Peon14
Grunt4
Wind Rider16
Raider2
Troll Batrider1
37 total
» upgrades
Ranged Weapons3
Armor3
Envenomed Spears1
Troll Regeneration0
Reinforced Defenses1
Spiked Barricades3
11 total
» buildings
Orc Burrow3
Altar of Storms1
Barracks1
Voodoo Lounge2
Stronghold1
War Mill2
Great Hall1
Fortress1
Beastiary4
Watch Tower17
33 total
» build order
00:17 Orc Burrow
00:53 Altar of Storms
01:09 Barracks
01:19 Orc Burrow
02:04 Voodoo Lounge
03:02 Stronghold
04:24 War Mill
05:07 Great Hall
06:24 Fortress
07:50 Beastiary
07:50 Beastiary
07:51 Beastiary
09:57 Orc Burrow
12:18 Watch Tower
12:20 Watch Tower
12:22 Watch Tower
14:12 War Mill
15:49 Watch Tower
15:51 Watch Tower
16:52 Watch Tower
16:54 Watch Tower
20:17 Voodoo Lounge
20:22 Watch Tower
20:24 Watch Tower
20:24 Watch Tower
20:26 Watch Tower
20:27 Watch Tower
20:30 Watch Tower
20:30 Watch Tower
20:31 Watch Tower
20:34 Watch Tower
20:35 Watch Tower
27:28 Beastiary
» items
Healing Salve2
Boots of Speed1
Staff of Teleportation1
Tiny Great Hall1
Scroll of Town Portal8
Periapt of Vitality1
Orb of Lightning1
Orb of Corruption1
16 total
Humansebass (blue | 31 APM | 1212 actions | 38:45)
Hero icon 10 Mountain King
Ability icon 3 Thunder Clap
Ability icon 3 Bash
Ability icon 3 Storm Bolt
Ability icon 1 Avatar

» actions
Basic commands1
Build / train102
Enter build submenu30
Enter hero's abilities submenu10
Remove unit from queue3
Right click462
Select / deselect522
Use ability82
1212 total
» units
Peasant6
Footman14
Rifleman13
Knight14
Siege Engine13
60 total
» upgrades
Masonry3
Plating3
Gunpowder3
Swords2
Armor1
Long Rifles1
Lumber Harvesting2
Animal War Training1
Barrage1
17 total
» buildings
Altar of Kings1
Farm20
Barracks1
Scout Tower4
Lumber Mill1
Arcane Tower1
Blacksmith1
Guard Tower2
Keep1
Castle1
Workshop1
34 total
» build order
00:07 Altar of Kings
00:12 Farm
00:56 Barracks
01:13 Farm
01:49 Scout Tower
01:58 Farm
02:07 Lumber Mill
02:26 Arcane Tower
02:42 Farm
03:26 Farm
03:43 Blacksmith
04:09 Farm
04:35 Scout Tower
05:00 Farm
05:26 Guard Tower
05:54 Farm
07:09 Farm
07:34 Keep
08:48 Farm
09:33 Farm
10:23 Farm
10:45 Castle
11:42 Farm
13:25 Workshop
16:17 Scout Tower
16:58 Guard Tower
22:47 Farm
25:14 Farm
26:18 Farm
26:57 Farm
28:26 Farm
28:31 Farm
30:11 Farm
30:13 Scout Tower
» items
Scroll of Town Portal2
Scroll of Protection3
5 total
Random» UndeadRalph (green | 37 APM | 2072 actions | 56:14)
Hero icon 7 Crypt Lord
Ability icon 3 Carrion Beetles
Ability icon 3 Spiked Carapace
Ability icon 1 Locust Swarm
Hero icon 6 Death Knight
Ability icon 3 Unholy Aura
Ability icon 2 Death Coil
Ability icon 1 Animate Dead

» actions
Assign group hotkey24
Basic commands49
Build / train75
ESC pressed1
Enter build submenu31
Enter hero's abilities submenu13
Right click818
Select / deselect412
Select group hotkey594
Use ability54
2072 total
» units
Acolyte26
Ghoul8
Crypt Fiend8
Frost Wyrm3
45 total
» upgrades
Creature Attack3
Creature Carapace3
Web1
Freezing Breath1
8 total
» buildings
Crypt1
Graveyard1
Ziggurat13
Altar of Darkness2
Nerubian Tower1
Halls of the Dead4
Black Citadel1
Spirit Tower1
Sacrificial Pit1
Boneyard4
Tomb of Relics1
30 total
» build order
00:11 Crypt
00:27 Graveyard
00:44 Ziggurat
00:58 Altar of Darkness
01:01 Altar of Darkness
01:43 Ziggurat
03:23 Ziggurat
04:11 Ziggurat
04:16 Nerubian Tower
04:45 Halls of the Dead
06:35 Halls of the Dead
07:39 Ziggurat
08:52 Ziggurat
08:53 Ziggurat
08:56 Black Citadel
08:59 Ziggurat
09:01 Ziggurat
09:53 Spirit Tower
10:45 Sacrificial Pit
12:01 Boneyard
12:08 Boneyard
12:13 Boneyard
12:18 Boneyard
20:52 Ziggurat
20:55 Ziggurat
20:57 Ziggurat
20:59 Ziggurat
30:31 Tomb of Relics
team 2
Random» NightElfAdmiral_Yamato (red | 123 APM | 71 actions | 00:34)

» actions
Assign group hotkey1
Basic commands1
Build / train3
Enter build submenu1
Right click5
Select / deselect47
Select group hotkey12
Use ability1
71 total
» units
Wisp3
3 total
» buildings
Altar of Elders1
1 total
» build order
00:22 Altar of Elders
NightElfChelsea (pink | 54 APM | 395 actions | 07:20)
Hero icon 2 Demon Hunter
Ability icon 1 Mana Burn
Ability icon 1 Evasion
Hero icon 2 Priestess of the Moon
Ability icon 1 Trueshot Aura
Ability icon 1 Searing Arrows

» actions
Assign group hotkey4
Basic commands6
Build / train43
ESC pressed1
Enter build submenu17
Enter hero's abilities submenu4
Right click163
Select / deselect135
Select group hotkey2
Use ability20
395 total
» units
Wisp20
Archer7
Huntress7
34 total
» buildings
Altar of Elders1
Moon Well6
Ancient of War4
Hunter's Hall2
Tree of Ages2
Ancient of Lore4
19 total
» build order
00:04 Altar of Elders
00:09 Moon Well
00:56 Moon Well
01:16 Ancient of War
01:24 Ancient of War
01:34 Moon Well
01:53 Moon Well
02:24 Ancient of War
02:29 Moon Well
02:39 Ancient of War
02:54 Moon Well
03:01 Hunter's Hall
03:04 Hunter's Hall
03:41 Tree of Ages
04:02 Tree of Ages
06:51 Ancient of Lore
06:51 Ancient of Lore
06:54 Ancient of Lore
06:57 Ancient of Lore
HumanLordaeronFullBS (purple | 80 APM | 4486 actions | 56:14)
Hero icon 9 Blood Mage
Ability icon 3 Flame Strike
Ability icon 3 Siphon Mana
Ability icon 1 Summon Phoenix
Ability icon 2 Banish

» actions
Assign group hotkey43
Basic commands273
Build / train275
ESC pressed18
Enter build submenu93
Enter hero's abilities submenu9
Give item / drop item8
Right click1621
Select / deselect818
Select group hotkey1002
Use ability326
4486 total
» units
Peasant29
Footman14
Wisp28
Huntress2
Sorceress3
Druid of the Claw14
Dragonhawk Rider7
Gryphon Rider4
101 total
» upgrades
Masonry4
Lumber Harvesting2
Defend1
Reinforced Hides3
Sorceress Training2
Magic Sentry1
Druid of the Claw Training2
Strength of the Wild3
Swords3
Animal War Training1
Cloud1
Storm Hammers1
Armor4
Well Spring1
Mark of the Claw1
Ultravision2
Nature's Blessing1
Plating3
Gunpowder4
Backpack1
Flak Cannons1
Flying Machine Bombs1
Barrage1
Fragmentation Shards1
Flare1
Long Rifles1
Strength of the Moon1
Moon Armor1
Priest Training1
50 total
» buildings
Barracks1
Altar of Kings1
Farm12
Lumber Mill1
Town Hall3
Arcane Vault1
Scout Tower43
Arcane Tower11
Keep3
Guard Tower40
Ancient Protector8
Castle1
Arcane Sanctum2
Ancient of Lore2
Blacksmith1
Tree of Eternity4
Gryphon Aviary7
Moon Well2
Workshop2
145 total
» build order
00:13 Barracks
00:15 Altar of Kings
00:17 Farm
01:21 Farm
01:41 Lumber Mill
02:01 Farm
02:50 Farm
03:59 Town Hall
04:34 Arcane Vault
05:01 Scout Tower
05:05 Scout Tower
05:37 Scout Tower
05:39 Arcane Tower
05:39 Arcane Tower
05:44 Scout Tower
05:47 Scout Tower
06:29 Arcane Tower
06:29 Arcane Tower
06:29 Arcane Tower
06:30 Keep
06:31 Keep
06:44 Guard Tower
06:47 Guard Tower
07:30 Scout Tower
07:32 Scout Tower
07:34 Scout Tower
07:35 Scout Tower
07:43 Scout Tower
07:50 Scout Tower
07:52 Scout Tower
08:14 Ancient Protector
08:21 Guard Tower
08:21 Guard Tower
08:22 Guard Tower
08:22 Guard Tower
08:23 Guard Tower
08:23 Guard Tower
08:23 Guard Tower
08:27 Ancient Protector
08:29 Ancient Protector
08:32 Ancient Protector
08:53 Guard Tower
09:12 Guard Tower
09:12 Guard Tower
09:14 Scout Tower
09:46 Scout Tower
09:49 Scout Tower
09:52 Scout Tower
09:58 Guard Tower
10:55 Ancient Protector
10:59 Guard Tower
10:59 Guard Tower
11:27 Castle
12:14 Arcane Sanctum
12:27 Ancient of Lore
12:31 Ancient of Lore
13:09 Blacksmith
13:17 Farm
14:03 Tree of Eternity
14:04 Tree of Eternity
14:20 Farm
14:22 Gryphon Aviary
14:27 Gryphon Aviary
14:30 Gryphon Aviary
14:34 Gryphon Aviary
16:06 Farm
16:09 Farm
16:12 Farm
16:17 Farm
17:11 Gryphon Aviary
17:14 Gryphon Aviary
17:16 Gryphon Aviary
17:28 Moon Well
17:29 Moon Well
19:22 Scout Tower
19:23 Scout Tower
19:25 Scout Tower
19:26 Scout Tower
19:32 Scout Tower
19:34 Scout Tower
19:35 Scout Tower
19:38 Scout Tower
20:12 Guard Tower
20:12 Guard Tower
20:15 Guard Tower
20:15 Guard Tower
22:30 Guard Tower
24:10 Ancient Protector
24:13 Ancient Protector
27:05 Ancient Protector
27:31 Farm
27:33 Farm
30:53 Town Hall
32:24 Scout Tower
32:25 Scout Tower
32:26 Scout Tower
32:27 Scout Tower
32:28 Scout Tower
32:29 Scout Tower
32:29 Scout Tower
33:34 Keep
33:35 Guard Tower
35:26 Arcane Sanctum
39:23 Town Hall
40:37 Workshop
40:40 Workshop
40:44 Scout Tower
40:48 Scout Tower
40:50 Scout Tower
40:51 Scout Tower
40:55 Scout Tower
41:46 Guard Tower
41:46 Guard Tower
41:48 Arcane Tower
41:48 Arcane Tower
41:52 Scout Tower
41:54 Scout Tower
41:55 Scout Tower
41:57 Scout Tower
42:33 Guard Tower
42:34 Guard Tower
42:34 Guard Tower
42:36 Scout Tower
42:40 Scout Tower
43:33 Guard Tower
49:40 Arcane Tower
49:40 Arcane Tower
49:42 Guard Tower
49:42 Guard Tower
52:11 Scout Tower
» items
Scroll of Regeneration8
Boots of Speed1
Periapt of Vitality1
Staff of Teleportation1
Scroll of Town Portal8
Potion of Invisibility3
Potion of Healing7
Lesser Clarity Potion6
Potion of Mana2
37 total
HumanJonSnow123 (teal | 18 APM | 901 actions | 49:36)
Hero icon 8 Paladin
Ability icon 3 Holy Light
Ability icon 3 Divine Shield
Ability icon 1 Resurrection
Ability icon 1 Devotion Aura
Hero icon 2 Priestess of the Moon
Ability icon 1 Trueshot Aura
Ability icon 1 Searing Arrows
Hero icon 4 Demon Hunter
Ability icon 2 Mana Burn
Ability icon 1 Evasion
Ability icon 1 Metamorphosis

» actions
Basic commands196
Build / train131
Enter build submenu39
Enter hero's abilities submenu14
Remove unit from queue2
Right click15
Select / deselect379
Use ability125
901 total
» units
Peasant10
Footman5
Huntress2
Archer3
Dryad23
Knight13
Spell Breaker12
Wisp5
Hippogryph13
86 total
» upgrades
Plating3
Swords3
Abolish Magic1
Magic Sentry0
Control Magic1
Reinforced Hides3
Strength of the Wild2
Animal War Training1
Marksmanship1
Improved Bows1
Sorceress Training0
16 total
» buildings
Altar of Kings2
Farm14
Barracks2
Moon Well7
Scout Tower4
Lumber Mill1
Arcane Tower1
Blacksmith1
Guard Tower2
Keep1
Castle1
Arcane Sanctum1
Tree of Eternity1
Arcane Vault1
Ancient of Wind1
Town Hall1
Tree of Life2
43 total
» build order
00:08 Altar of Kings
00:15 Farm
00:29 Farm
00:34 Barracks
00:55 Moon Well
01:48 Farm
02:24 Scout Tower
02:39 Lumber Mill
02:43 Barracks
02:46 Farm
03:00 Farm
03:01 Arcane Tower
03:11 Blacksmith
03:30 Scout Tower
03:50 Farm
04:41 Guard Tower
04:43 Keep
04:50 Farm
05:10 Scout Tower
05:38 Farm
05:43 Farm
05:58 Guard Tower
06:55 Farm
07:51 Castle
07:58 Arcane Sanctum
10:31 Tree of Eternity
10:53 Arcane Vault
12:07 Farm
12:10 Farm
12:14 Farm
13:00 Farm
15:46 Moon Well
15:49 Moon Well
15:55 Moon Well
15:57 Moon Well
20:52 Moon Well
20:54 Moon Well
25:19 Ancient of Wind
29:52 Town Hall
37:38 Tree of Life
37:48 Tree of Life
47:05 Altar of Kings
48:49 Scout Tower
» items
Scroll of Town Portal3
Orb of Fire1
Potion of Healing1
Potion of Mana1
6 total

Chat log

(00:14 / All) KillTheMexica: Sweet Chelsea! WE meet again my bright and shiny star of love!
(00:22 / Allies) Ralph: CFC?
(00:24 / All) Chelsea: have we played together before?
(00:27 / All) sebass: go drogba go
(00:27 / All) KillTheMexica: aye
(00:37 / All) Chelsea: remind me of the situation?
(00:37 / All) KillTheMexica: I killed you and you insulted my mother's honor
(00:38 / All) Ralph: Hahaha, chinese club for drogs
(00:40 / All) Ralph: scrub.
(01:05 / All) KillTheMexica: to be fair we were on the same team, and my motehr really does lack honor

(02:06 / Allies) Nephilus_1: \I WILL GO FOOD 100 KBNIGHT
(02:08 / Allies) Nephilus_1: units??
(02:11 / All) KillTheMexica: Ralph, pls go
(02:23 / All) Ralph: i'll go
(02:27 / Allies) KillTheMexica: I KID
(02:29 / Allies) KillTheMexica: It's a meme
(02:34 / Allies) Ralph: ahh
(02:44 / Allies) Ralph: willingly not affluent on memes.
(02:54 / Allies) Ralph: nowadays, at least.
(02:57 / Allies) KillTheMexica: it's a fairly funny one
(03:16 / Allies) Ralph: still though, memes were cool when tft was still the game to play, haha.
(03:37 / Allies) KillTheMexica: it'[s not really much of a meme
(03:50 / Allies) KillTheMexica: this guy made a short green troll looking guy on second life
(04:01 / Allies) KillTheMexica: would catch people ahving sex and watch
(04:05 / Allies) Ralph: hahaha
(04:18 / Allies) KillTheMexica: they would say "Ralph please go" and he'd say "no
(04:24 / Allies) Ralph: k that doesn't sound too bad.

(06:12 / Allies) Ralph: mid?
(06:19 / All) sebass: sure¸<
(06:38 / Allies) Nephilus_1: heal
(07:21 / Allies) KillTheMexica: yellow can I have the mask of death
(07:25 / Allies) Nephilus_1: no
(07:30 / Allies) Ralph: haha
(07:32 / Allies) KillTheMexica: it's really good on an MK
(07:40 / Allies) Nephilus_1: i know it is lol
(07:47 / All) Nephilus_1: aww
(07:49 / All) Nephilus_1: poor fags
(07:52 / All) Nephilus_1: leave now?
(08:13 / Allies) KillTheMexica: lumber?
(08:26 / All) KillTheMexica: mask of death is best on an MK definitely not on BM with critical strike
(08:34 / All) KillTheMexica: and fast attack
(08:38 / All) Nephilus_1: very true
(09:24 / All) KillTheMexica: almost lost my hero because of glitch lawl
(10:12 / Allies) KillTheMexica: lumber?
(10:18 / Allies) Ralph: i'm low
(10:55 / All) Nephilus_1: ETF
(10:56 / Allies) KillTheMexica: your mask didn't help much ...
(11:05 / All) Nephilus_1: ...
(11:11 / Allies) Nephilus_1: WOW
(11:15 / Allies) Nephilus_1: dude
(11:16 / Allies) Nephilus_1: wtf
(11:19 / Allies) Nephilus_1: ill giv it to u
(11:19 / Allies) KillTheMexica: fucking punk
(11:20 / Allies) Nephilus_1: jesus
(11:27 / Allies) KillTheMexica: fuck you
(11:29 / Allies) Nephilus_1: u want it?
(11:31 / Allies) KillTheMexica: leave
(11:36 / Allies) Nephilus_1: nah
(11:39 / Allies) Nephilus_1: afk
(11:42 / Allies) Nephilus_1: cya

(13:03 / All) sebass: ty
(13:03 / Allies) KillTheMexica: lumber?

(18:29 / All) LordaeronFullBS: lol
(18:33 / All) LordaeronFullBS: 1 hero did all of that green
(18:42 / All) Ralph: so?
(18:55 / All) LordaeronFullBS: so? you lost all those niggurats and acolytes to 1 hero
(18:56 / Allies) Nephilus_1: hey im back
(18:57 / Allies) Nephilus_1: lol
(18:58 / All) LordaeronFullBS: that is pathetic
(19:01 / Allies) Nephilus_1: thanks for being my bitch oj
(19:03 / Allies) Nephilus_1: fuking fag
(19:06 / All) Ralph: think i'm taking this seriously when you're down 2?
(19:06 / Allies) Nephilus_1: go get me the win
(19:09 / All) Ralph: playing 4's?
(19:10 / All) Ralph: haha
(19:15 / All) LordaeronFullBS: We will 2v4 you easy
(19:15 / Allies) KillTheMexica: You're out of this game and you won't get a win that easy :)
(19:16 / All) Ralph: or seriously IN GENERAL?
(19:23 / Allies) Nephilus_1: stupid cunt :)
(19:30 / Allies) Nephilus_1: i could care less cunt
(19:34 / Allies) Nephilus_1: its a fuking game lol
(19:39 / All) KillTheMexica: you know nothing, Jon Snow
(19:57 / All) sebass: guys
(19:59 / All) sebass: togetyher
(20:30 / Allies) Ralph: 5k gold oj?!?
(20:35 / Allies) Ralph: can i have a bit?
(20:42 / Allies) KillTheMexica: like my base, yellow?
(20:49 / Allies) Nephilus_1: yea
(20:50 / Allies) Nephilus_1: sexy
(20:53 / Allies) Nephilus_1: :)
(20:56 / Allies) KillTheMexica: you can keep that gaudy mask
(20:58 / Allies) KillTheMexica: I like the gold
(21:00 / Allies) Nephilus_1: kk
(21:05 / Allies) Nephilus_1: o fuk thats hard
(21:08 / Allies) Nephilus_1: oj goes hard
(21:14 / Allies) Nephilus_1: lol!
(21:17 / Allies) Nephilus_1: ur level 8 haha
(21:19 / All) LordaeronFullBS: 1 hero, again
(21:23 / Allies) Nephilus_1: fuking owning them
(21:29 / Allies) Nephilus_1: mask would have made u a go
(21:32 / Allies) Nephilus_1: god*
(21:59 / Allies) KillTheMexica: yeah that's why I asked for it
(22:04 / Allies) Nephilus_1: yeah u did
(22:06 / Allies) Nephilus_1: and guess wat?
(22:11 / Allies) Nephilus_1: U DIDNT FUKING GET IT FAGGOT!
(22:12 / Allies) Ralph: b
(22:13 / Allies) KillTheMexica: you're a greedy little beady eyed Shylock
(22:17 / Allies) Ralph: blue bakc to me
(22:20 / Allies) KillTheMexica: that's k I got 5k gold instaead
(22:23 / Allies) Ralph: meet
(22:28 / Allies) Nephilus_1: useless at this point
(22:32 / Allies) Ralph: yes
(22:33 / Allies) KillTheMexica: Nah
(22:36 / Allies) Nephilus_1: yea
(22:37 / Allies) Ralph: blue care
(22:38 / Allies) KillTheMexica: I can do what I want now
(22:52 / Allies) Nephilus_1: no u suck fuking dick for breakfast
(22:56 / Allies) Nephilus_1: then eat it for lunch and dinner
(23:10 / Allies) Nephilus_1: with a large side of hairy meaty scrotum
(24:00 / Allies) Nephilus_1: blue green
(24:04 / Allies) Nephilus_1: watch for a backstab
(24:05 / Allies) Nephilus_1: from oj
(24:05 / Allies) KillTheMexica: no shop green?
(24:06 / Allies) Ralph: k lets hit?
(24:15 / Allies) Ralph: his bloodlord ;\
(24:15 / Allies) Nephilus_1: prepare to crush oj in the event of a tk
(24:24 / All) KillTheMexica: Yellow thinks he';s a field marshal
(24:28 / Allies) Ralph: blue mooove
(24:31 / All) KillTheMexica: You're out of the game, take a seat and shut up clown
(24:36 / Allies) Nephilus_1: stfu
(24:41 / Allies) Nephilus_1: u stupid bitch
(24:42 / Allies) KillTheMexica: get a shop green and I will give you 1k
(24:48 / Allies) KillTheMexica: I want UD orb
(24:56 / Allies) Ralph: kk
(24:57 / Allies) Ralph: cept
(25:00 / Allies) Ralph: i don't have acos
(25:06 / Allies) Ralph: cos i needed gold for ziggs
(25:12 / Allies) Ralph: then his hero killed all of them.
(25:15 / Allies) Nephilus_1: blue
(25:17 / Allies) Nephilus_1: more rifle
(25:20 / Allies) Nephilus_1: to counter wvv
(25:27 / Allies) Nephilus_1: dragon hawk
(25:31 / Allies) Nephilus_1: tambien
(25:36 / Allies) Ralph: let's hit?
(25:38 / All) LordaeronFullBS: 1 hero
(25:39 / All) LordaeronFullBS: again
(25:53 / Allies) KillTheMexica: hurry and get a shop out
(26:03 / Allies) Ralph: no
(26:04 / Allies) Ralph: acos
(26:05 / Allies) Ralph: no
(26:06 / Allies) Ralph: food.
(26:14 / Allies) Ralph: blue
(26:27 / All) sebass: ?
(26:34 / Allies) Ralph: hit the expo
(26:37 / Allies) Ralph: with me
(26:38 / All) sebass: oko
(26:45 / All) JonSnow123: such a pussy
(26:47 / Allies) Ralph: he's got air.
(26:50 / All) sebass: go now
(27:01 / All) KillTheMexica: You know nothing, Jon Snow
(27:07 / All) JonSnow123: hahahha
(27:07 / All) JonSnow123: touche
(27:22 / Allies) Ralph: tanks
(27:24 / Allies) Ralph: and mele
(27:31 / Allies) Nephilus_1: breath??
(27:33 / All) JonSnow123: purp
(27:35 / All) JonSnow123: meet at me son
(27:59 / All) JonSnow123: comin!!!!!
(28:08 / Allies) Nephilus_1: lol
(28:11 / All) Nephilus_1: lol
(28:16 / All) Nephilus_1: u fags just tped to ur death
(28:19 / All) Nephilus_1: gj fagggss
(28:29 / All) LordaeronFullBS: I got 5k banked
(28:39 / All) Nephilus_1: look purp 4 heros and an army did that
(28:42 / All) Nephilus_1: stupid nigger
(29:00 / All) Nephilus_1: green kill oj
(29:01 / All) Nephilus_1: NOW
(29:02 / All) Nephilus_1: HURRY
(29:05 / All) Nephilus_1: FUK OJ IN THE ANUS
(29:11 / All) LordaeronFullBS: lol
(29:11 / All) Nephilus_1: HES KILLIGN U
(29:12 / All) Nephilus_1: MORONS
(29:14 / All) LordaeronFullBS: thought it was over?
(29:14 / All) JonSnow123: ugh biggest pussies
(29:15 / All) Nephilus_1: NOW
(29:20 / All) Nephilus_1: FOCUS OJ
(29:22 / All) Nephilus_1: FOCUS OJ
(29:33 / All) Nephilus_1: stupid green and blue
(29:37 / All) JonSnow123: purp
(29:40 / All) JonSnow123: units in my base pea brain
(29:40 / Allies) KillTheMexica: I wanted a shop, bastard
(29:49 / All) sebass: red
(29:49 / Allies) Ralph: and I didn't have an acolyte.
(29:53 / Allies) Ralph: now I can get a show
(29:57 / Allies) Ralph: shop, since I have food.
(30:35 / Allies) Ralph: see?
(30:52 / Allies) Ralph: could I have some g now?
(31:18 / All) LordaeronFullBS: Yellow, I thought it was over, buddy. What's wrong?
(31:20 / Allies) Ralph: oj?
(31:21 / All) LordaeronFullBS: Have you lost 2v4?
(31:24 / All) LordaeronFullBS: How embarassing!
(31:28 / All) LordaeronFullBS: What does it feel like?
(31:32 / All) LordaeronFullBS: Can you describe it to me?
(31:35 / All) Nephilus_1: oj cried like a cunt
(31:43 / All) Nephilus_1: and tked me cuz i owned him and his base 5 times
(31:46 / All) JonSnow123: purp give me some gold nigga
(31:48 / All) KillTheMexica: lol
(31:49 / All) Nephilus_1: and took mask of eath
(31:53 / All) Nephilus_1: so he cried like a nigger
(31:56 / Allies) Ralph: oj?
(31:58 / Allies) Ralph: some g plz?
(31:58 / All) LordaeronFullBS: When a cunt cries, that's not tears.
(32:01 / All) Nephilus_1: death*
(32:02 / All) KillTheMexica: You took mask like a beady eyed Shylock
(32:04 / All) JonSnow123: purp gold for tele
(32:05 / All) KillTheMexica: So I killed you with ease
(32:09 / All) KillTheMexica: and took your base for my own
(32:10 / All) Nephilus_1: lol
(32:13 / All) Nephilus_1: dune huh
(32:13 / Allies) Ralph: oj?
(32:16 / Allies) Ralph: gold, plz?
(32:17 / All) Nephilus_1: damn good bookl
(32:21 / All) KillTheMexica: and never made me a shop
(32:40 / All) Nephilus_1: u harkonnen fuk
(32:50 / Allies) KillTheMexica: I had to beat some sense into you
(32:55 / All) Nephilus_1: sand riding dick fuking nigglet
(33:38 / All) KillTheMexica: I am Maud'Dib
(33:44 / All) Nephilus_1: haha
(33:50 / All) Nephilus_1: wat is the future of this match?
(34:00 / All) Nephilus_1: i shall prepare you the liquid of life
(34:04 / All) KillTheMexica: I practice the weirding way
(34:16 / All) KillTheMexica: No team shall win while I am here
(34:28 / All) Nephilus_1: if u dont do my bidding i shall release the water of death and erradicate the spice
(34:53 / All) Nephilus_1: fool blue
(34:55 / All) Nephilus_1: no tp
(34:55 / All) JonSnow123: fuck ths nigga up
(35:24 / All) Nephilus_1: well i grow tired of this
(35:25 / All) sebass: no gold :s
(35:27 / All) Nephilus_1: enjoy nigglets
(35:32 / All) JonSnow123: purp units
(35:45 / All) Nephilus_1: oj cant even defeat them now
(35:51 / All) Nephilus_1: they will overwelm him
(35:54 / All) sebass: gold plz
(36:00 / All) sebass: need townhall
(36:15 / All) Nephilus_1: the emperors sardukar are to much for oj its seems
(36:15 / All) sebass: orange
(36:39 / All) Nephilus_1: frank herbert would spit on u oj
(37:08 / All) JonSnow123: and the second annual biggest pussy award goes to orange!
(37:09 / All) Nephilus_1: u have a water burden for me oj
(37:19 / All) Nephilus_1: u took my life in cold blood
(37:21 / All) Nephilus_1: stole my water
(37:33 / All) JonSnow123: purple nigga where ur units
(37:34 / All) LordaeronFullBS: I went AFK multiple times this game and still won 2v4
(37:52 / All) LordaeronFullBS: I beat green with 1 hero
(37:57 / All) Nephilus_1: will u repay the water burden u owe me oj?
(38:07 / All) KillTheMexica: Never
(38:12 / All) Nephilus_1: lol
(38:51 / All) JonSnow123: lol
(38:53 / All) JonSnow123: how we atually win
(39:02 / All) Nephilus_1: u didnt even allow me a fair test mashad
(39:03 / All) KillTheMexica: you think you ahve won?
(39:05 / All) Nephilus_1: u coward
(39:28 / All) Nephilus_1: stuck a crysknife in my back instead
(39:39 / All) LordaeronFullBS: why not a butterfly knife
(39:39 / All) JonSnow123: oraneg continuing with his bitchness
(39:42 / All) KillTheMexica: should have gave the mask, hymie
(39:56 / All) Nephilus_1: indeed
(40:00 / All) Nephilus_1: in hindsight perhaps
(40:06 / All) Nephilus_1: purp will win
(40:09 / All) Nephilus_1: he owns the gold
(40:43 / All) JonSnow123: purp bail me out
(40:49 / All) Nephilus_1: dh no tp
(40:51 / All) Nephilus_1: fuk him

(42:31 / Allies) Nephilus_1: why dont u recruit more fremen oj?
(42:34 / Allies) Nephilus_1: ur forces are small
(42:38 / Allies) KillTheMexica: they eat too much
(42:41 / Allies) Nephilus_1: elite thought they are
(42:50 / Allies) Nephilus_1: ahh
(42:56 / Allies) Nephilus_1: the lack the weirding way
(43:06 / Allies) Nephilus_1: they*
(43:25 / Allies) Nephilus_1: cut off purps gold
(43:30 / Allies) Nephilus_1: n u may emerge victorious
(43:35 / Allies) KillTheMexica: For what purpose?
(43:49 / Allies) Nephilus_1: to prove urself
(43:51 / Allies) KillTheMexica: He is my accomplise
(44:02 / Allies) Nephilus_1: aww
(44:03 / Allies) Nephilus_1: ic
(44:23 / All) LordaeronFullBS: Everyone, listen up
(44:28 / All) LordaeronFullBS: orange and I were working together
(44:32 / All) LordaeronFullBS: you have all been rused
(44:38 / All) LordaeronFullBS: but we will give each of you an equal chance of victory
(44:38 / All) Nephilus_1: lol
(44:42 / All) LordaeronFullBS: The two of us will kill everything
(44:45 / All) LordaeronFullBS: including our own stuff
(44:50 / All) LordaeronFullBS: only 2 buildings will be left, no way to kill them
(44:54 / All) LordaeronFullBS: best internet and last team to leave wins
(44:56 / All) LordaeronFullBS: sound fair?
(45:00 / All) Nephilus_1: kk
(45:03 / All) LordaeronFullBS: will all of you be willing to participate in a mexican standoff?
(45:05 / All) LordaeronFullBS: teal?
(45:12 / All) Nephilus_1: ill be afk mk
(45:16 / All) LordaeronFullBS: alright
(45:18 / All) LordaeronFullBS: good man
(45:44 / All) Nephilus_1: i assume the rest alrdy are
(45:51 / All) Nephilus_1: battle ur armies?
(46:08 / All) KillTheMexica: I only have 40 food
(46:13 / All) Nephilus_1: just tried til u were ha?
(46:15 / All) KillTheMexica: With magic
(46:19 / All) Nephilus_1: lol
(46:22 / All) KillTheMexica: blood magic
(46:27 / All) LordaeronFullBS: We are wizards
(46:31 / All) LordaeronFullBS: We teach at Wicca School
(46:38 / All) KillTheMexica: he sacrificed the life of his first born child to manipulate the matching
(46:42 / All) LordaeronFullBS: for individuals such as Andrea Aspergers
(46:52 / All) Nephilus_1: a feat only worthy of Paul-Muad'Dib
(47:12 / All) JonSnow123: why the fuck isnt htis game over
(47:23 / All) LordaeronFullBS: Check chat log
(47:25 / All) Nephilus_1: lol
(47:27 / All) LordaeronFullBS: Orange and I are together
(47:32 / All) LordaeronFullBS: we are killing everything, including our own stuff
(47:40 / All) LordaeronFullBS: we will leave 2 buildings with neither side able to kill the other's
(47:43 / All) LordaeronFullBS: best internet wins, last one to leave
(47:45 / All) LordaeronFullBS: sound fair?
(47:51 / All) JonSnow123: fuck that
(47:54 / All) Nephilus_1: lol
(48:01 / All) Nephilus_1: well ic wat u guys
(48:02 / All) Nephilus_1: cya
(48:19 / All) JonSnow123: yo give me some G
(48:30 / All) JonSnow123: 100 to be exact
(48:37 / All) JonSnow123: PURPPP
(48:45 / All) Nephilus_1: farewel my duke atredies i hope to see u again only to fuk ur dead corpse
(48:58 / All) LordaeronFullBS: Alright, thank you for the entertainment
(49:02 / All) KillTheMexica: You'll never have the chance
(49:09 / All) Nephilus_1: oo
(49:13 / All) Nephilus_1: i beg to differ
(49:24 / All) KillTheMexica: Check my stats
(49:24 / All) Nephilus_1: alas goodbye and fuk u
(49:25 / All) JonSnow123: fuck u son
(49:26 / All) KillTheMexica: always the same
(49:27 / All) JonSnow123: let my hero come
(49:51 / All) KillTheMexica: If yellow leaves you can have a win green
(50:04 / All) KillTheMexica: If not, you lose
(50:14 / All) Nephilus_1: aww poor cunt
(50:18 / All) Nephilus_1: raging
(50:25 / All) Nephilus_1: gues wat green u lose bitch
(50:26 / All) Nephilus_1: lol
(50:38 / All) KillTheMexica: your fate is in yellow's hands, green
(51:04 / All) Nephilus_1: well i won what I esired :) oj its crying again like the dickless cunt of a nigger ass fuker heis
(51:06 / All) Nephilus_1: all is well
(51:11 / All) Nephilus_1: so i can leave now
(51:18 / All) LordaeronFullBS: Goodbye!
(51:22 / All) LordaeronFullBS: Bella ciao, ciao, ciao!
(51:23 / All) Nephilus_1: AFK U FUKING SCUM OJ :)
(51:31 / All) LordaeronFullBS: They never go afk
(51:34 / All) LordaeronFullBS: we watch the replays
(51:35 / All) KillTheMexica: I hope you enjoyed this loss
(51:45 / All) KillTheMexica: he claimed to have earlier
(51:49 / All) KillTheMexica: but was there the whole time for sure
(52:13 / All) KillTheMexica: 10-7 now Yellow

(53:36 / All) LordaeronFullBS: hope we get a new map next game
(53:42 / All) KillTheMexica: Yeh
(54:05 / All) KillTheMexica: I trust that gaudy mask was worth it for Yellow, he got to strut his stuff in front of all the boys
(54:07 / All) KillTheMexica: for a short moment

(55:52 / All) KillTheMexica: Farewell, ya'll